 Dungeon Crawl Stone Soup version 0.22-a0-824-g1ca9aab89c (console) character file.

764 Lexodia the Poker (level 7, 0/61 HPs)
             Began as a Centaur Chaos Knight on July 24, 2018.
             Slain by a sky beast (5 damage)
             ... on level 6 of the Dungeon.
             The game lasted 00:13:35 (4655 turns).

Lexodia the Poker (Centaur Chaos Knight)            Turns: 4655, Time: 00:13:35

Health: 0/61       AC: 12    Str: 17    XL:     7   Next: 51%
Magic:  7/7        EV:  7    Int: 11    God:    Xom [.*....]
Gold:   163        SH:  0    Dex: 10    Spells: 6/6 levels left

rFire    . . .     SeeInvis .   a - +1 spear (chaos)
rCold    . . .     Gourm    .   (no shield)
rNeg     + . .     Faith    .   b - +2 leather armour
rPois    .         Spirit   .   (no helmet)
rElec    .         Reflect  .   m - +0 cloak
rCorr    .         Harm     .   (no gloves)
MR       .....                  i - +0 centaur barding
Stlth    +.........             (no amulet)
HPRegen  0.20/turn              t - ring of wizardry
MPRegen  0.10/turn              n - ring of positive energy

@: about to teleport, very quick
A: large, hooves 3, thin skeletal structure 1, deformed body, speed 2, tough
skin 3
a: Renounce Religion


You were on level 6 of the Dungeon.
You worshipped Xom.
You were a plaything of Xom.
You were very hungry.

You visited 1 branch of the dungeon, and saw 6 of its levels.
You also visited: Ossuary.

You collected 163 gold pieces.

Inventory:

Hand Weapons
 a - a +1 spear of chaos (weapon)
 j - a +0 hand axe
 r - a +0 halberd
Armour
 b - a +2 leather armour (worn)
 i - a +0 centaur barding (worn)
 l - a +0 buckler
 m - a +0 cloak (worn)
Jewellery
 e - an uncursed ring of ice
 h - an uncursed ring of magical power
 n - a ring of positive energy (right hand)
 t - a ring of wizardry (left hand)
Wands
 g - a wand of polymorph (6)
Scrolls
 d - 8 scrolls of remove curse
 f - a scroll of amnesia
 o - a scroll of identify
Potions
 k - a potion of flight
Comestibles
 c - 8 rations


   Skills:
 - Level 5.0 Fighting
 * Level 6.5 Polearms
 - Level 2.0 Armour
 - Level 2.0 Dodging


You had 6 spell levels left.
You didn't know any spells.
Your spell library was empty.

Dungeon Overview and Level Annotations

Branches:
Dungeon (6/15)             Temple (0/1) D:4

Altars:
Okawaru
Qazlal
Ru
Yredelemnul
The Shining One

Shops:
D:4 (

Annotations:
D:6 Blork the orc


Innate Abilities, Weirdness & Mutations

You have hooves in place of feet.
Armour fits poorly on your strangely shaped body.
You cover ground very quickly.
You have extremely tough skin. (AC +3)
You have a somewhat thin skeletal structure. (Dex +2, Stealth)


Message History

A sky beast appears from thin air!
Reactivating autopickup.
The sky beast hits you but does no damage.
Unknown command.
Attack whom?
Press: ? - help, Dir - move target cursor, f/p - Blork the orc
Aim: Blork the orc, wielding a halberd, wearing a runed robe and carrying a wand of flame (38) (moderately wounded, fast+slow)
You reach to attack!
You hit Blork the orc.
Blork the orc is moderately wounded.
Blork the orc points at you and mumbles some strange words.
The magic dart hits you!
* * * LOW HITPOINT WARNING * * *
Huge Dmg: -8%(-5hp) hp: 15%(9hp)
Okay, then.
As you read the scroll of teleportation, it crumbles to dust.
You feel strangely unstable. The sky beast hits you.
* * * LOW HITPOINT WARNING * * *
The sky beast shocks you.
You die...
Xom guffaws!

...............
................
.................
..................
......................
.......................
........................
...............Y@.......
...............(..o.....
........................
........................
........................
...................?....
..........^.............
...)....................
.......................


You could see Blork the orc and a sky beast.

Vanquished Creatures
  A centaur (D:5)
  A big kobold (D:5)
  A bullfrog (D:6)
  A hound (D:5)
  Crazy Yiuf (D:3)
  An orc wizard (D:4)
  A worker ant (D:4)
  12 mummies (Ossuary)
  3 gnolls (D:4)
  3 adders
  3 oozes
  An adder zombie (D:5)
  A dart slug (shapeshifter) (D:1)
  2 dart slugs (D:1)
  A leopard gecko (D:2)
  10 orcs
  3 ball pythons
  6 giant cockroaches
  11 goblins
  11 hobgoblins
  6 jackals
  15 kobolds
  4 bats
  8 frilled lizards
  3 gnoll skeletons (Ossuary)
  2 goblin skeletons (Ossuary)
  A kobold skeleton (Ossuary)
  2 orc skeletons (Ossuary)
  4 rats
  11 rat skeletons (Ossuary)
130 creatures vanquished.

Vanquished Creatures (collateral kills)
  A big kobold (D:5)
  A worker ant zombie (D:5)
  A leopard gecko (D:1)
3 creatures vanquished.

Vanquished Creatures (others)
  An orc wizard (D:4)
  An adder (D:5)
2 creatures vanquished.

Grand Total: 135 creatures vanquished

Notes
Turn   | Place    | Note
-------+----------+-------------------------------------------
     0 | D:1      | Lexodia the Centaur Chaos Knight began the quest for the Orb.
     0 | D:1      | Reached XP level 1. HP: 19/19 MP: 1/1
    36 | D:1      | Reached XP level 2. HP: 25/26 MP: 2/2
    62 | D:1      | Reached skill level 3 in Polearms
    84 | D:1      | Reached skill level 1 in Dodging
   184 | D:1      | XOM: polymorph bat -> ball python
   447 | D:1      | Reached XP level 3. HP: 31/31 MP: 3/3
   545 | D:1      | XOM: cast spell 'Summon Mana Viper'
   608 | D:1      | XOM: god gift: scroll labeled UQOAPH NIAS {god gift}
   811 | D:2      | XOM: god gift: hand axe {god gift}
   861 | D:2      | XOM: summons 4 hostile shadow creatures
   908 | D:2      | Reached XP level 4. HP: 28/38 MP: 4/4
  1269 | D:2      | XOM: smoke on damage
  1270 | D:2      | XOM: harmless Tloc miscast
  1447 | D:3      | XOM: harmless Fire miscast
  1598 | D:3      | Found a runed door.
  1726 | D:3      | XOM: mild Ice miscast
  1844 | D:2      | XOM: silly message
  1880 | D:3      | XOM: harmless Chrm miscast
  1949 | D:3      | Found a glowing golden altar of the Shining One.
  1949 | D:3      | Found a basalt altar of Yredelemnul.
  1950 | D:3      | Found an iron altar of Okawaru.
  2167 | D:3      | Noticed Crazy Yiuf
  2171 | D:3      | XOM: potion effect (brilliance)
  2174 | D:3      | Huge Dmg: 13 dmg
  2175 | D:3      | Huge Dmg: 9 dmg
  2175 | D:3      | HP: 1/40 [Crazy Yiuf/quarterstaff of chaos (2)]
  2176 | D:3      | Huge Dmg: 6 dmg
  2178 | D:3      | Killed Crazy Yiuf
  2178 | D:3      | Reached skill level 4 in Polearms
  2178 | D:3      | Reached XP level 5. HP: 2/46 MP: 5/5
  2431 | D:3      | XOM: mild Summ miscast
  2521 | D:4      | XOM: give mutation
  2521 | D:4      | Gained mutation: You have a somewhat thin skeletal structure. (Dex +2, Stealth) [Xom's grace]
  2548 | D:4      | Found a stormy altar of Qazlal.
  2623 | D:4      | XOM: cloud trail
  2729 | D:4      | Found Xotruk's Weapon Boutique.
  2765 | D:4      | Found a sand-covered staircase.
  2774 | Ossuary  | Entered an ossuary
  2803 | Ossuary  | Huge Dmg: 8 dmg
  2827 | Ossuary  | XOM: mild Chrm miscast
  2859 | Ossuary  | XOM: swap monsters
  2868 | Ossuary  | Huge Dmg: 7 dmg
  2912 | Ossuary  | Huge Dmg: 6 dmg
  3113 | Ossuary  | Huge Dmg: 12 dmg
  3118 | Ossuary  | XOM: butterfly on damage
  3118 | Ossuary  | XOM: smoke on damage
  3119 | Ossuary  | Huge Dmg: 17 dmg
  3139 | Ossuary  | Huge Dmg: 6 dmg
  3228 | Ossuary  | Reached XP level 6. HP: 31/52 MP: 6/6
  3260 | Ossuary  | Huge Dmg: 13 dmg
  3420 | Ossuary  | Huge Dmg: 8 dmg
  3473 | Ossuary  | Huge Dmg: 7 dmg
  3521 | D:4      | XOM: fog
  3522 | D:4      | Huge Dmg: 16 dmg
  3522 | D:4      | HP: 2/52 [gnoll/halberd (9)]
  3523 | D:4      | Huge Dmg: 10 dmg
  3525 | D:4      | Huge Dmg: 5 dmg
  3529 | D:4      | Reached skill level 5 in Polearms
  3538 | D:4      | XOM: noise
  3546 | D:4      | Huge Dmg: 8 dmg
  3547 | D:4      | Huge Dmg: 3 dmg
  3572 | D:4      | XOM: 2-stop teleportation journey
  3776 | D:4      | Found a staircase to the Ecumenical Temple.
  4044 | D:5      | Entered Level 5 of the Dungeon
  4055 | D:5      | XOM: confuse monster(s)
  4082 | D:5      | Found a sacrificial altar of Ru.
  4116 | D:5      | Reached XP level 7. HP: 60/60 MP: 7/7
  4275 | D:5      | XOM: severe Necr miscast
  4276 | D:5      | Noticed a soul eater
  4282 | D:5      | Huge Dmg: 13 dmg
  4283 | D:5      | Huge Dmg: 9 dmg
  4285 | D:5      | Huge Dmg: 8 dmg
  4289 | D:5      | Huge Dmg: 7 dmg
  4358 | D:5      | XOM: harmless Ice miscast
  4411 | D:5      | Huge Dmg: 5 dmg
  4414 | D:5      | Reached skill level 5 in Fighting
  4414 | D:5      | Reached skill level 6 in Polearms
  4499 | D:5      | XOM: cast spell 'Call Canine Familiar'
  4639 | D:6      | Noticed Blork the orc
  4647 | D:6      | XOM: divination: detect creatures
  4648 | D:6      | Huge Dmg: 10 dmg
  4651 | D:6      | Huge Dmg: 9 dmg
  4653 | D:6      | Huge Dmg: 6 dmg
  4655 | D:6      | Huge Dmg: 5 dmg
  4655 | D:6      | Slain by a sky beast

Vault maps used:
D:1:      lightli_arrival_statue_moat
D:2:      minmay_splitting_lines
D:3:      gammafunk_temple_overflow_claw, minmay_ruptured,
          uniq_crazy_yiuf_cottage
D:4:      temple_hall_moat, enter_ossuary_3, first_ration, serial_shops, shop,
          kennysheep_nondescript, grunt_qazlal_clouds
D:5:      cheibrodos_thug_alley, grunt_ministairs_14, kennysheep_path_1,
          nicolae_ru_great_annihilating_truth, uniq_pikel
D:6:      uniq_blork_the_orc
Ossuary:  ossuary_due_small_catacomb

Skill      XL: |  1  2  3  4  5  6  7 |
---------------+----------------------+-----
Polearms       | 3 4 5 6 |  6.5
Dodging        | 1 2 |  2.0
Armour         | 2 |  2.0
Fighting       | 4 5 |  5.0

Action                   |  1- 3 |  4- 6 |  7- 9 || total
-------------------------+-------+-------+-------++-------
Melee: Spear             |   129 |   278 |    72 ||   479
       Kick              |    12 |    51 |    10 ||    73
  Use: Scroll            |     3 |     4 |     2 ||     9
       Potion            |     1 |     8 |     1 ||    10
 Stab: Fleeing           |     1 |       |       ||     1
       Petrifying        |       |     1 |       ||     1
       Petrified         |       |     1 |       ||     1
       Confused          |       |     4 |     1 ||     5
       Paralysed         |       |     5 |     1 ||     6
       Sleeping          |       |     1 |       ||     1
  Eat: Chunk             |       |     4 |     1 ||     5
       Ration            |       |     1 |       ||     1
Armor: Leather armour    |    60 |   106 |    22 ||   188
Dodge: Dodged            |    45 |    74 |     7 ||   126

Table legend:
 A = Spawn XP
 B = Non-spawn XP
 C = Spawn XP percentage of total XP
 D = Spawn monster count
 E = Non-spawn monster count
 F = Spawn count percentage of total count
 G = Total turns spent on level
                    A         B        C        D         E        F      G
               +---------+---------+-------+---------+---------+-------+---------
         Total |       0 |    1092 |   0.0 |       0 |     135 |   0.0 |  4655
               +---------+---------+-------+---------+---------+-------+---------
           D:1 |       0 |      53 |   0.0 |       0 |      26 |   0.0 |   649
           D:2 |       0 |      68 |   0.0 |       0 |      25 |   0.0 |   851
           D:3 |       0 |     102 |   0.0 |       0 |      21 |   0.0 |   967
           D:4 |       0 |     151 |   0.0 |       0 |      11 |   0.0 |   844
           D:5 |       0 |     391 |   0.0 |       0 |      19 |   0.0 |   583
           D:6 |       0 |      91 |   0.0 |       0 |       2 |   0.0 |    28
       Ossuary |       0 |     236 |   0.0 |       0 |      31 |   0.0 |   733
               +---------+---------+-------+---------+---------+-------+---------
